 Dungeon Crawl Stone Soup version 0.21-a0-442-g848f44b (webtiles) character file.

80 grizmgrazm2 the Vexing (level 4, -3/34 HPs)
             Began as a Vampire Enchanter on Nov 12, 2017.
             Slain by a gnoll
             ... wielding a +0 spear
              (6 damage)
             ... on level 5 of the Dungeon.
             The game lasted 00:18:55 (4880 turns).

grizmgrazm2 the Vexing (Vampire Enchanter)          Turns: 4880, Time: 00:18:56

Health: -3/34      AC:  4    Str:  6 (8)  XL:     4   Next: 18%
Magic:  1/7        EV: 11    Int: 21 (22) God:
Gold:   224        SH:  0    Dex: 12 (14) Spells: 2/8 levels left

rFire    . . .     SeeInvis +   k - -2 hunting sling (curse)
rCold    + . .     Gourm    .   (no shield)
rNeg     + + .     Faith    .   d - +0 leather armour
rPois    +         Spirit   .   (no helmet)
rElec    .         Reflect  .   (no cloak)
rCorr    .         Harm     +   g - +0 pair of gloves
MR       .....                  (no boots)
Stlth    +++.......             o - amulet of harm
HPRegen  0.05/turn              e - ring of wizardry
MPRegen  0.10/turn              i - +5 ring of intelligence

@: flying, regenerating slowly
A: fangs 3, see invisible, unbreathing
a: Bat Form


You were on level 5 of the Dungeon.
You were very thirsty.

You visited 1 branch of the dungeon, and saw 5 of its levels.

You collected 224 gold pieces.

Inventory:

Hand Weapons
 a - a +1 dagger
 k - a cursed -2 hunting sling (weapon)
Missiles
 q - 69 stones (quivered)
Armour
 b - a +0 robe
 d - a +0 leather armour (worn)
 g - a +0 pair of gloves (worn)
Jewellery
 e - a ring of wizardry (left hand)
 h - an uncursed ring of resist corrosion
 i - a +5 ring of intelligence (right hand)
 o - an amulet of harm (around neck)
Books
 c - a book of Maledictions

   Spells                             Type                      Level
   a - Corona                         Hexes                        1
   b - Ensorcelled Hibernation        Hexes/Ice                    2
   c - Confuse                        Hexes                        3
   d - Tukima's Dance                 Hexes                        3
   e - Dazzling Spray                 Conjuration/Hexes            3


   Skills:
 * Level 2.3 Fighting
 - Level 1.1 Short Blades
 - Level 2.1 Dodging
 - Level 4.4 Stealth
 + Level 2.6 Spellcasting
 - Level 4.6 Hexes
 + Level 1.4 Ice Magic


You had 2 spell levels left.
You knew the following spells:

 Your Spells              Type           Power        Failure   Level  Hunger
a - Corona                Hex            ###....      1%          1    None
b - Ensorcelled Hibernat  Hex/Ice        ###...       4%          2    ##.....
c - Confuse               Hex            ###.....     4%          3    ###....


Dungeon Overview and Level Annotations

Branches:
Dungeon (5/15)
 Temple: D:4-7

Altars:
Gozag
Ru

Annotations:
D:3 Natasha


Innate Abilities, Weirdness & Mutations

You heal slowly.
You have razor-sharp teeth.
You have supernaturally acute eyesight. (SInv)
You can survive without breathing.


Message History

Unknown command.
The crimson imp barely misses you.
You see here 2 sling bullets.
It was a potion of flight.
You feel very buoyant.
You fly up into the air.
The crimson imp hits you.
* * * LOW HITPOINT WARNING * * *
The gnoll hits you from afar with a spear.
* * * LOW HITPOINT WARNING * * *
It was a potion of degeneration.
There was something very wrong with that liquid.
You feel weakened.
You feel dopey.
You feel clumsy. The gnoll barely misses you.
The crimson imp closely misses you.
Put on which piece of jewellery? (? for menu, Esc to quit)
o - an amulet of harm (around neck) Yummy - fresh blood!
You are feeling very thirsty.
The crimson imp hits you but does no damage.
The gnoll hits you from afar with a spear.
You die...

... ... ..# #.##
#.. #.# ########5#
#((gOgg.@#
#(######## #(# #)#
#########g#
...^...##g#
######.##O# ###
#.##ยง#
..####.##g########


You could see an ogre, 3 gnolls and a crimson imp.

Vanquished Creatures
  2 adders (D:2)
  A gnoll (D:5)
  A worm (D:2)
  A dart slug (D:1)
  2 leopard geckos
  4 ball pythons (D:2)
  6 giant cockroaches
  3 goblins
  5 hobgoblins
  4 jackals (D:1)
  A quokka (D:2)
  3 bats (D:2)
  4 frilled lizards
  3 kobolds (D:1)
  10 rats
50 creatures vanquished.

Notes
Turn   | Place    | Note
-------+----------+-------------------------------------------
     0 | D:1      | grizmgrazm2 the Vampire Enchanter began the quest for the Orb.
     0 | D:1      | Reached XP level 1. HP: 13/13 MP: 3/3
   632 | D:1      | Reached skill level 1 in Fighting
   632 | D:1      | Reached XP level 2. HP: 21/21 MP: 3/5
   636 | D:1      | Learned a level 2 spell: Ensorcelled Hibernation
  1461 | D:1      | Reached XP level 3. HP: 22/26 MP: 3/6
  1466 | D:1      | Learned a level 3 spell: Confuse
  2014 | D:2      | Reached skill level 1 in Ice Magic
  2655 | D:2      | Reached XP level 4. HP: 32/33 MP: 1/7
  3173 | D:3      | Noticed Natasha
  3917 | D:3      | Found a sacrificial altar of Ru.
  4258 | D:4      | Noticed an ogre
  4277 | D:3      | Found an opulent altar of Gozag.
  4541 | D:5      | Entered Level 5 of the Dungeon
  4844 | D:5      | Noticed an ogre
  4880 | D:5      | Slain by a gnoll

Vault maps used:
D:1:      minmay_arrival_open_corners
D:2:      grunt_ministairs_2
D:3:      nicolae_ru_sacrificial_ziggurat, grunt_gozag_breadcrumbs,
          gammafunk_temple_overflow_pools, uniq_natasha, uniq_grinder
D:4:      temple_green, first_bread, hangedman_decor_diamond_cutter

Skill      XL: |  1  2  3 |
---------------+----------+-----
Fighting       | 1 2 |  2.3
Ice Magic      | 1 |  1.4
Short Blades   | |  1.1
Dodging        | |  2.1
Stealth        | |  4.4
Spellcasting   | |  2.6
Hexes          | |  4.6

Action                   |  1- 3 |  4- 6 || total
-------------------------+-------+-------++-------
Melee: Dagger            |   125 |     8 ||   133
       Bite              |     9 |    11 ||    20
       Unarmed           |       |    67 ||    67
       Hunting sling     |       |    12 ||    12
 Fire: Hunting sling     |       |    32 ||    32
 Cast: Corona            |    44 |     4 ||    48
       Ensorcelled Hiber |    18 |     5 ||    23
       Confuse           |       |     4 ||     4
 Abil: End Transformatio |       |     4 ||     4
       Bat Form          |       |     4 ||     4
  Use: Scroll            |     2 |     7 ||     9
       Potion            |       |     6 ||     6
 Stab: Sleeping          |    13 |       ||    13
  Eat: Corpse            |     4 |     1 ||     5
Armor: Robe              |    18 |       ||    18
       Leather armour    |     2 |    30 ||    32
Dodge: Dodged            |    72 |   152 ||   224

Table legend:
 A = Spawn XP
 B = Non-spawn XP
 C = Spawn XP percentage of total XP
 D = Spawn monster count
 E = Non-spawn monster count
 F = Spawn count percentage of total count
 G = Total turns spent on level
                    A         B        C        D         E        F      G
               +---------+---------+-------+---------+---------+-------+---------
         Total |       0 |     115 |   0.0 |       0 |      50 |   0.0 |  4880
               +---------+---------+-------+---------+---------+-------+---------
           D:1 |       0 |      44 |   0.0 |       0 |      26 |   0.0 |  1896
           D:2 |       0 |      62 |   0.0 |       0 |      21 |   0.0 |  1884
           D:3 |       0 |       1 |   0.0 |       0 |       1 |   0.0 |   704
           D:5 |       0 |       8 |   0.0 |       0 |       2 |   0.0 |   339
               +---------+---------+-------+---------+---------+-------+---------
